 Dungeon Crawl Stone Soup version 0.21.1-1-g345015f (webtiles) character file.

52 Supahsalami the Skirmisher (level 3, -4/29 HPs)
             Began as a Demonspawn Abyssal Knight on June 14, 2018.
             Was a Believer of Lugonu.
             Killed from afar by an orc wizard (9 damage)
             ... with a puff of frost
             ... on level 2 of the Dungeon.
             The game lasted 00:06:05 (1230 turns).

Supahsalami the Skirmisher (DsAK)                   Turns: 1230, Time: 00:06:05

Health: -4/29      AC:  8    Str: 13    XL:     3   Next: 60%
Magic:  5/5        EV:  6    Int: 13    God:    Lugonu [**....]
Gold:   31         SH:  0    Dex: 12    Spells: 2/2 levels left

rFire    . . .     SeeInvis .   a - +1 hand axe
rCold    . . .     Gourm    .   (no shield)
rNeg     . . .     Faith    .   e - +0 chain mail (curse)
rPois    .         Spirit   .   (no helmet)
rElec    .         Reflect  .   (no cloak)
rCorr    .         Harm     .   (no gloves)
MR       .....                  (no boots)
Stlth    ..........             (no amulet)
HPRegen  0.09/turn              (no ring)
MPRegen  0.09/turn              (no ring)

@: no status effects
A: rot immunity
a: Depart the Abyss, Bend Space, Renounce Religion


You were on level 2 of the Dungeon.
You worshipped Lugonu.
Lugonu was pleased with you.
You were not hungry.

You visited 1 branch of the dungeon, and saw 3 of its levels.
You visited the Abyss 1 time.

You collected 31 gold pieces.

Inventory:

Hand Weapons
 a - a +1 hand axe (weapon)
 b - a +0 hunting sling
Missiles
 l - 43 stones (quivered)
Armour
 e - a cursed +0 chain mail (worn)
 n - a +0 leather armour
Scrolls
 d - a scroll of fear {unknown}
 i - 6 scrolls of remove curse {unknown}
 j - a scroll of teleportation {unknown}
 m - a scroll of enchant weapon {unknown}
Potions
 g - a potion of curing {unknown}
 h - a potion of might {unknown}
 k - a potion of heal wounds {unknown}
Comestibles
 c - 4 rations
 f - 5 chunks of flesh


   Skills:
 + Level 3.3 Fighting
 + Level 2.2 Axes
 + Level 2.3 Armour
 + Level 1.5 Dodging
 + Level 3.1 Invocations


You had 2 spell levels left.
You didn't know any spells.

Dungeon Overview and Level Annotations

Branches:
Dungeon (3/15)

Altars:


Innate Abilities, Weirdness & Mutations

You are immune to rotting.


Message History

There is a stone staircase leading down here.
Wield which item (- for none, * to show all)? (? for menu, Esc to quit)
a - a +1 hand axe (weapon)
You hit the orc.
The orc is heavily wounded.
You closely miss something. The orc hits you with a whip.
Something hits you but does no damage.
You hit the orc.
You kill the orc!
Lugonu accepts your kill.
You hit something but do no damage.
You hear some strange, mumbled words.
A puff of flame appears from out of thin air!
The puff of flame hits you!
* * * LOW HITPOINT WARNING * * *
Something hits you but does no damage.
You hear some strange, mumbled words.
A puff of frost appears from out of thin air!
The puff of frost hits you!
You die...

#.#.....###...#
.......## ## ###...##
##..# #..# ...# #
##+## #. ##...##
#.###### ##.....##
#....@.# #...)...##
###.##>#
.........####...#{##
.........'...........
.........####...#.###
#.......## ##.##.#
##.....## ####.#
###...## #.# # ##+##
#.#


There were no monsters in sight!

Vanquished Creatures
  2 oozes (D:1)
  A worm (D:2)
  4 leopard geckos
  An orc (D:2)
  A giant cockroach (D:1)
  5 goblins
  A hobgoblin (D:2)
  3 jackals (D:2)
  2 kobolds (D:1)
  A ball python (D:1)
  7 bats
  4 frilled lizards
  5 rats
37 creatures vanquished.

Notes
Turn   | Place    | Note
-------+----------+-------------------------------------------
     0 | Abyss:1  | Supahsalami the Demonspawn Abyssal Knight began the quest for the Orb.
     0 | Abyss:1  | Reached XP level 1. HP: 18/18 MP: 2/2
    83 | Abyss:2  | Found a corrupted altar of Lugonu.
   127 | Abyss:2  | Noticed a starcursed mass
   143 | D:1      | Escaped the Abyss
   425 | D:1      | Reached * piety under Lugonu
   474 | D:1      | Reached skill level 1 in Dodging
   539 | D:1      | Gained mutation: You are immune to rotting. [demonic ancestry]
   539 | D:1      | Reached XP level 2. HP: 22/24 MP: 3/3
   776 | D:1      | Reached XP level 3. HP: 29/29 MP: 5/5
  1186 | D:2      | Reached ** piety under Lugonu
  1230 | D:2      | Killed from afar by an orc wizard

Skill      XL: |  1  2  3 |
---------------+----------+-----
Armour         | 2 |  2.3
Dodging        | 1 |  1.5
Axes           | 2 |  2.2
Invocations    | 3 |  3.1
Fighting       | |  3.3

Action                   || total
-------------------------++-------
Melee: Hand axe          ||   114
 Fire: Hunting sling     ||     4
Invok: Depart the Abyss  ||     1
  Eat: Chunk             ||     1
Armor: Chain mail        ||    73
Dodge: Dodged            ||    34
